 Dungeon Crawl Stone Soup version 0.30-a0-465-g8901f6c8b5 (webtiles) character file.

Game seed: 10073627343963354226

130001 greenreed the Metallomancer (level 17, -2/84 HPs)
             Began as a Gargoyle Earth Elementalist on Dec 18, 2022.
             Was a High Priest of Vehumet.
             Slain by a sea snake (11 damage)
             ... on level 3 of the Shoals.
             The game lasted 02:05:52 (34651 turns).

greenreed the Metallomancer (GrEE)                 Turns: 34651, Time: 02:05:53

Health: -2/84      AC: 24    Str:  7    XL:     17   Next: 7%
Magic:  2/39       EV: 12    Int: 32    God:    Vehumet [*****.]
Gold:   596        SH:  5    Dex: 10    Spells: 11/52 levels left

rFire   + + .      SeeInvis +    x - staff of earth
rCold   + + .      Faith    .    j - +1 buckler of the Orb {rF+ rC+ rCorr Str-5}
rNeg    + . .      Spirit   .    m - +2 robe {rC+ rF+}
rPois   ∞          Reflect  .    n - +3 crown of Dyrovepreva {rElec Int+2 SInv}
rElec   +          Harm     .    O - +0 cloak {Stlth+}
rCorr   +          Rampage  .    G - +0 pair of gloves
Will    +....                    c - +2 pair of boots
Stlth   +++.......               (no amulet)
HPRegen 0.34/turn                e - +6 ring of intelligence
MPRegen 0.26/turn                g - ring of wizardry

@: flying
A: sickness immunity, AC +12, big wings, negative energy resistance 1,
electricity resistance, torment resistance 1, petrification resistance
a: Renounce Religion


You were on level 3 of the Shoals.
You worshipped Vehumet.
Vehumet was extremely pleased with you.
You visited 5 branches of the dungeon, and saw 27 of its levels.
You visited 1 bazaar.
You also visited: Bailey.

You collected 2911 gold pieces.
You spent 2315 gold pieces at shops.

Inventory:

Hand Weapons
 r - the +7 Throatcutter {drain, coup de grace}
   (You took it off Terence on level 2 of the Dungeon)

   A truly terrible weapon, it drains the life of any living foe it strikes.
   It may instantly kill foes which have little health.
 Y - the +6 mace "Joazumic" {vamp, rPois rC+ rN+}
   (You found it on level 4 of the Lair of Beasts)

   It occasionally heals its wielder for a portion of the damage dealt when it
   wounds a living foe.
   rC:        It protects you from cold.
   rPois:     It protects you from poison.
   rN:        It protects you from negative energy.
Missiles
 a - 2 curare-tipped darts
 d - 35 poisoned darts
 C - 2 datura-tipped darts
 M - 5 throwing nets
 Z - 6 atropa-tipped darts
Armour
 c - a +2 pair of boots (worn)
 j - the +1 buckler of the Orb (worn) {rF+ rC+ rCorr Str-5}
   (You acquired it on level 10 of the Dungeon)

   Str:       It affects your strength (-5).
   rF:        It protects you from fire.
   rC:        It protects you from cold.
   rCorr:     It protects you from acid and corrosion.
 m - a +2 robe of resistance (worn)
 n - the +3 crown of Dyrovepreva (worn) {rElec Int+2 SInv}
   (You found it on level 5 of the Lair of Beasts)

   Int:       It affects your intelligence (+2).
   rElec:     It insulates you from electricity.
   SInv:      It lets you see invisible.
 G - a +0 pair of gloves (worn)
 O - a +0 cloak of stealth (worn)
Magical Staves
 x - a staff of earth (weapon)
Jewellery
 e - a +6 ring of intelligence (left hand)
 g - a ring of wizardry (right hand)
 k - a +6 ring of intelligence
 L - a ring of protection from fire
Wands
 y - a wand of flame (85)
 A - a wand of polymorph (9)
 H - a wand of charming (13)
 R - a wand of roots (15)
 V - a wand of quicksilver (5)
 X - a wand of mindburst (11)
Scrolls
 f - 11 scrolls of enchant armour
 i - 3 scrolls of vulnerability
 p - 5 scrolls of magic mapping
 q - 5 scrolls of teleportation
 v - 9 scrolls of amnesia
 z - 5 scrolls of blinking
 B - 2 scrolls of immolation
 E - 9 scrolls of fog
 K - 2 scrolls of enchant weapon
 P - 16 scrolls of identify
 T - a scroll of summoning
Potions
 b - 3 potions of magic
 h - a potion of invisibility
 l - 2 potions of heal wounds
 o - a potion of brilliance
 s - 5 potions of might
 t - 3 potions of lignification
 w - 3 potions of attraction
 I - a potion of cancellation
 J - 3 potions of resistance
 N - 6 potions of haste
 Q - 4 potions of berserk rage
 S - 7 potions of curing
 U - 2 potions of mutation
 W - a potion of ambrosia
Miscellaneous
 u - a tin of tremorstones (2/2)
 D - a condenser vane
 F - a phial of floods


   Skills:
 + Level 2.1 Fighting
 + Level 3.6 Dodging
 + Level 3.9 Stealth
 + Level 1.9 Shields
 + Level 0.8 Unarmed Combat
 * Level 18.3 Spellcasting
 * Level 11.2 Conjurations
 + Level 0.9 Translocations
 + Level 2.3 Transmutations
 + Level 0.1 Ice Magic
 + Level 0.6 Air Magic
 * Level 22.7 Earth Magic


You had 11 spell levels left.
You knew the following spells:

 Your Spells              Type           Power      Damage    Failure   Level
a - Sandblast             Erth           100%       2d20      0%          1
b - Passwall              Tmut/Erth      86%        N/A       0%          2
c - Stone Arrow           Conj/Erth      100%       3d13      0%          3
d - Lee's Rapid Deconstr  Erth           66%        3d30*     0%          5
e - Petrify               Tmut/Erth      100%       N/A       1%          4
f - Iskenderun's Mystic   Conj/Tloc      62%        2d13      1%          4
g - Lightning Bolt        Conj/Air       30%        1d47      1%          5
h - Iron Shot             Conj/Erth      59%        9d11      1%          6
i - Freezing Cloud        Conj/Ice/Air   26%        6-21      1%          5
j - Conjure Ball Lightni  Conj/Air       30%        3x3d10    2%          6

Your spell library contained the following spells:

 Spells                   Type           Power      Damage    Failure   Level
 Sting                    Tmut/Pois      100%       1d8       1%          1
 Blink                    Tloc           70%        N/A       1%          2
 Ensorcelled Hibernation  Hex/Ice        58%        N/A       1%          2
 Momentum Strike          Conj/Tloc      100%       3d10      1%          2
 Poisonous Vapours        Pois/Air       62%        N/A       1%          2
 Scorch                   Fire           58%        2d8       1%          2
 Dazzling Flash           Conj/Hex       100%       N/A       1%          3
 Frozen Ramparts          Ice            60%        1d10      1%          3
 Hailstorm                Conj/Ice       60%        3d13      1%          3
 Kindle Blastsparks       Fire/Tloc/Air  64%        2d15      1%          3
 Lesser Beckoning         Tloc           70%        N/A       1%          3
 Swiftness                Air            33%        N/A       1%          3
 Flame Wave               Conj/Fire      60%        2d14      1%          4
 Fulminant Prism          Conj/Hex       30%        3d16      1%          4
 Leda's Liquefaction      Hex/Erth       50%        N/A       1%          4
 Olgreb's Toxic Radiance  Pois           29%        N/A       2%          4
 Starburst                Conj/Fire      30%        6d9       3%          6
 Ice Form                 Ice/Tmut       37%        N/A       4%          4
 Anguish                  Hex/Necr       14%        N/A       7%          4
 Summon Ice Beast         Ice/Summ       29%        N/A       7%          4
 Summon Forest            Summ/Tloc      16%        N/A       16%         5
 Eringya's Noxious Bog    Tmut/Pois      18%        N/A       17%         6
 Simulacrum               Ice/Necr       14%        N/A       67%         6
 Summon Cactus Giant      Summ           14%        N/A       69%         6
 Enfeeble                 Hex            14%        N/A       99%         7
 Summon Hydra             Summ           14%        N/A       99%         7
 Polar Vortex             Ice            15%        N/A       100%        9
 Statue Form              Tmut/Erth      Unusable   N/A       N/A         6

Dungeon Overview and Level Annotations

Branches:
Dungeon (15/15)            Temple (1/1) D:7            Lair (5/5) D:11
 Shoals (4/4) Lair:3        Snake (0/4) Lair:3        Slime (0/5) Lair:4
    Orc (2/2) D:9             Elf (0/3) Orc:2        Vaults (0/5) D:14
 Depths (0/4) D:15         Bailey (visited)

Altars:
Ashenzari
Cheibriados
Dithmenos
Elyvilon
Fedhas
Gozag
Hepliaklqana
Kikubaaqudgha
Makhleb
Nemelex Xobeh
Okawaru
Qazlal
Ru
Sif Muna
Trog
Uskayaw
Vehumet
Wu Jian
Xom
Yredelemnul
Zin
The Shining One
Jiyva

Shops:
D:4 =   D:5 [   D:8 [   D:9 *   D:10 [(   Orc:2 ([*=   Shoals:4 [

Portals:
Trove: D:10 (give 4 scrolls of blinking)

Annotations:
Lair:5 1 transporter, exclusion: oklob plant, krigyl's ghost, journeyman AtFi
Shoals:2 2 transporters, Danakkis's ghost, adept DsBe


Innate Abilities, Weirdness & Mutations

You are immune to sickness and miasma.
Your stone body is resilient. (AC +12)
You are immune to poison.
Your large and strong wings let you fly.
You resist negative energy. (rN+)
You are resistant to electric shocks. (rElec)
You are resistant to unholy torment.
You are immune to petrification.


Message History

There is a stone staircase leading up here.
The sea snake barely misses you. The sea snake bites you.
The sea snake bites you but does no damage.
You fly upwards.
There is a stone staircase leading down here.
Casting: Sandblast (safe; 0% risk of failure)
Confirm with . or Enter, or press ? or * to list all spells.
You create some ball lightning! 3 ball lightnings come into view.
You block the sea snake's attack.
The sea snake bites you but does no damage.
Unknown command.
You closely miss the sea snake.
Your ball lightning explodes!
The blast of lightning engulfs the sea snake!
The sea snake is lightly wounded.
The blast of lightning engulfs your ball lightning.
Your ball lightning completely resists.
The blast of lightning engulfs you. You resist.
* * * LOW HITPOINT WARNING * * *
Your ball lightning explodes!
The blast of lightning engulfs you. You resist.
* * * LOW HITPOINT WARNING * * *
The blast of lightning engulfs the sea snake!
The sea snake is moderately wounded.
The blast of lightning engulfs the sea snake!
The sea snake is heavily wounded.
The blast of lightning engulfs your ball lightning.
Your ball lightning completely resists.
Your ball lightning explodes!
The blast of lightning engulfs the sea snake!
The sea snake is severely wounded.
The blast of lightning engulfs the sea snake!
The sea snake is heavily wounded.
The blast of lightning engulfs you. You resist.
* * * LOW HITPOINT WARNING * * *
The sea snake bites you!
* * * LOW HITPOINT WARNING * * *
You block the sea snake's attack. The sea snake bites you!
You die...

≈≈≈P~~~~~.~~~.~~~~...###....~~(.#
≈≈≈~~......~.<~~~~~..###...)(~~..
≈≈P~.P........~~~~~...~~..~~~~~~~
≈~~PPP####...^...~..~~~~..~~...~.
≈~~..## #...##....~~~~~~~~~~.)..
~~~PP# ##.###.~.~~~~~~~≈≈≈≈~...
~P.PP# ##....~~~~~~~~~))≈≈≈~...
P..P## #......S~~~~~~~.~~≈~~.##
~..## #.....#@~~~~~~~~~~≈~..##
~..# ###.P.....S~~~≈≈≈≈≈~~~~.##
~..# ###.PP...~~~~~≈≈≈≈....~~~...
~..###........~~~≈≈≈≈≈~.....~....
....#.....P.~~~~~≈≈~~~...<..≈....
.~.....P####~~~~~~~~~.......≈.~~~
......P## #.~≈~~~~.<.≈≈≈(.≈≈.~~~
...##..# #.~≈P~~....~≈≈..≈≈).~~
..###.######.P~[.≈≈..~~....≈≈...~


You could see 2 sea snakes.

Vanquished Creatures
  Rupert (D:12)
  Polyphemus (Shoals:3)
  Kirke (Shoals:2)
  An orc warlord (Orc:2)
  2 dire elephants
  A fire dragon (Shoals:3)
  2 merfolk impalers
  An entropy weaver (shapeshifter) (D:13)
  An ice dragon (Shoals:3)
  3 vault guards (D:14)
  4 hydras
  3 catoblepae
  An ogre mage (D:15)
  2 centaur warriors
  Erica (D:8)
  An alligator snapping turtle (Shoals:1)
  A satyr (Shoals:3)
  2 merfolk avatars
  6 two-headed ogres
  A deep troll shaman (Lair:5)
  5 boulder beetles
  13 death yaks
  2 tengu warriors
  Urug (D:12)
  3 orc high priests (Orc:2)
  Sonja (D:10)
  5 skeletal warriors (D:15)
  Amaemon (D:9)
  7 sea snakes
  A wizard (D:14)
  A lindwurm (Lair:5)
  7 harpies
  5 orc knights
  A phantasmal warrior (Lair:5)
  4 orc sorcerers (Orc:2)
  An oklob plant (D:11)
  2 wolf spiders (D:15)
  3 cyclopes
  An ugly thing (D:14)
  15 fauns
  17 manticores
  12 elephants
  3 water nymphs (Shoals:3)
  7 merfolk sirens
  4 black mambas
  3 gargoyles (D:13)
  A torpor snail (Lair:5)
  A naga mage (D:15)
  19 cane toads
  An orange demon (D:9)
  3 rime drakes
  A kobold demonologist (D:14)
  Psyche (D:8)
  2 tengu conjurers
  4 unseen horror zombies (D:9)
  8 komodo dragons
  5 trolls
  A wind drake (Shoals:1)
  3 polar bears
  12 merfolk
  Grinder (D:6)
  19 blink frogs
  11 slime creatures
  15 dream sheep
  10 snapping turtles
  5 wyverns
  4 water elementals
  2 shadows
  2 vampires
  A wraith (D:9)
  A human (Lair:5)
  60 yaks
  A hog (shapeshifter) (D:14)
  2 steam dragons
  A hog (Shoals:2)
  Eustachio (D:4)
  3 basilisks
  7 vampire mosquitoes
  7 wargs
  2 acid dragons
  Duvessa (D:4)
  2 ice beasts
  41 orc warriors
  19 water moccasins
  2 black bears (D:6)
  A sky beast (D:7)
  5 ogres
  An ogre (shapeshifter) (D:13)
  12 wolves
  A boggart (D:14)
  20 centaurs
  2 phantoms
  A wyvern zombie (D:9)
  2 necrophages
  13 bullfrogs
  2 gnoll sergeants
  5 scorpions
  7 wights
  Dowan (D:4)
  6 killer bees
  6 howler monkeys
  3 electric eels (Lair:3)
  2 centaur zombies (D:9)
  2 lava snakes (Lair:3)
  7 hounds (D:5)
  3 jellies
  27 orc priests
  A gnoll bouda (D:7)
  Ijyb (D:3)
  An iguana (D:7)
  6 hell rats (Lair:5)
  19 orc wizards
  Terence (D:2)
  3 howler monkey zombies (D:9)
  19 gnolls
  6 adders
  A shadow imp (D:6)
  2 white imps
  3 ufetubi
  2 worms (D:2)
  A dart slug (D:1)
  100 orcs
  13 ball pythons
  8 endoplasms
  6 giant cockroaches
  4 goblins
  6 hobgoblins
  6 jackals
  11 kobolds
  6 quokkas
  11 bats
  5 frilled lizards
  A rat (shapeshifter) (D:13)
  5 rats
  A bush (Shoals:3)
821 creatures vanquished.

Vanquished Creatures (others)
  A merfolk (Shoals:1)
  A human (Shoals:2)
  An orc wizard (Orc:2)
  2 orcs (D:8)
  68 ball lightnings
  A bush (Lair:5)
  33 fungi
  146 plants
  4 tentacles (Shoals:4)
257 creatures vanquished.

Grand Total: 1078 creatures vanquished

Notes
Turn   | Place    | Note
-------+----------+-------------------------------------------
     0 | D:1      | greenreed the Gargoyle Earth Elementalist began the quest
                  | for the Orb.
     0 | D:1      | Reached XP level 1. HP: 10/10 MP: 3/3
   153 | D:1      | Reached XP level 2. HP: 15/15 MP: 1/5
   154 | D:1      | Reached skill level 4 in Earth Magic
   391 | D:1      | Reached XP level 3. HP: 19/19 MP: 1/6
  1228 | D:2      | Noticed Terence
  1242 | D:1      | Reached XP level 4. HP: 24/24 MP: 2/8
  1350 | D:2      | Killed Terence
  1351 | D:2      | Reached skill level 5 in Earth Magic
  2205 | D:3      | Reached XP level 5. HP: 28/28 MP: 6/10
  2309 | D:3      | Found a faded altar of an unknown god.
  2383 | D:3      | Noticed Ijyb
  2387 | D:3      | Killed Ijyb
  2896 | D:4      | Reached XP level 6. HP: 32/32 MP: 10/12
  2951 | D:4      | Found a radiant altar of Vehumet.
  2965 | D:4      | Became a worshipper of Vehumet
  3018 | D:4      | Noticed Eustachio
  3023 | D:4      | Learned a level 2 spell: Passwall
  3027 | D:4      | Learned a level 3 spell: Stone Arrow
  3033 | D:4      | Killed Eustachio
  3034 | D:4      | Reached skill level 6 in Earth Magic
  3081 | D:4      | Reached skill level 5 in Spellcasting
  3081 | D:4      | Reached XP level 7. HP: 36/36 MP: 11/14
  3268 | D:4      | Noticed Duvessa
  3268 | D:4      | Noticed Dowan
  3283 | D:4      | Killed Duvessa
  3284 | D:4      | Reached skill level 7 in Earth Magic
  3328 | D:4      | Killed Dowan
  3379 | D:4      | Found Ymeb's Jewellery Emporium.
  3510 | D:5      | Entered Level 5 of the Dungeon
  3513 | D:5      | Reached * piety under Vehumet
  3513 | D:5      | Offered knowledge of Magic Dart by Vehumet.
  3515 | D:5      | Identified the amulet of Sioqoduk {Faith *Slow Regen+
                  | Int+4}
  3552 | D:5      | Reached skill level 8 in Earth Magic
  3552 | D:5      | Reached XP level 8. HP: 41/41 MP: 11/16
  3656 | D:5      | Learned a level 5 spell: Lee's Rapid Deconstruction
  3661 | D:5      | Learned a level 4 spell: Petrify
  3670 | D:5      | Found Omaezih's Antique Armour Boutique.
  3870 | D:5      | Found an opulent altar of Gozag.
  4095 | D:6      | Reached skill level 9 in Earth Magic
  4206 | D:6      | Noticed Grinder
  4209 | D:6      | Killed Grinder
  4255 | D:6      | Reached XP level 9. HP: 45/45 MP: 20/20
  4261 | D:6      | Reached ** piety under Vehumet
  4261 | D:6      | Offered knowledge of Shock by Vehumet.
  4477 | D:6      | Reached skill level 10 in Earth Magic
  4783 | D:7      | Reached skill level 1 in Conjurations
  5007 | D:7      | Reached skill level 11 in Earth Magic
  5181 | D:7      | Found a staircase to the Ecumenical Temple.
  5187 | Temple   | Entered the Ecumenical Temple
  5579 | D:7      | Offered knowledge of Scorch by Vehumet.
  5840 | D:8      | Found Zoasoull's Armour Emporium.
  5867 | D:8      | Noticed Psyche
  6013 | D:8      | Reached XP level 10. HP: 41/50 MP: 21/23
  6189 | D:7      | Reached *** piety under Vehumet
  6197 | D:7      | Learned a level 4 spell: Iskenderun's Mystic Blast
  6294 | D:8      | Found a stormy altar of Qazlal.
  6360 | D:8      | Noticed Erica
  6370 | D:8      | Killed Erica
  6371 | D:8      | Reached skill level 12 in Earth Magic
  6675 | D:8      | Killed Psyche
  6835 | D:9      | Found Jeleilo's Assorted Antiques.
  6878 | D:9      | Offered knowledge of Olgreb's Toxic Radiance by Vehumet.
  6880 | D:9      | Reached skill level 10 in Spellcasting
  6882 | D:9      | Killed a very large slime creature
  6883 | D:9      | Reached skill level 1 in Transmutations
  6883 | D:9      | Reached skill level 13 in Earth Magic
  6987 | D:9      | Reached XP level 11. HP: 55/55 MP: 22/25
  7026 | D:9      | Reached **** piety under Vehumet
  7046 | D:9      | Found a staircase to the Orcish Mines.
  7057 | D:9      | Found a flagged portal.
  7074 | Bailey   | Entered a bailey
  7076 | Bailey   | Offered knowledge of Lightning Bolt by Vehumet.
  7084 | Bailey   | Learned a level 5 spell: Lightning Bolt
  7471 | Bailey   | Reached skill level 14 in Earth Magic
  7953 | Bailey   | Reached ***** piety under Vehumet
  8135 | Bailey   | Identified the +10 triple sword "Ohoxtab" {venom, Int+4}
  8345 | D:9      | Found a basalt altar of Yredelemnul.
  8412 | D:9      | Noticed Amaemon
  8415 | D:9      | Offered knowledge of Iron Shot by Vehumet.
  8415 | D:9      | Killed Amaemon
  8662 | D:10     | Entered Level 10 of the Dungeon
  8662 | D:10     | Noticed Sonja
  8662 | D:10     | Found Mel Pig's Weapon Shoppe.
  8669 | D:10     | Killed Sonja
  8670 | D:10     | Reached skill level 5 in Conjurations
  8709 | D:10     | Found a portal to a secret trove of treasure.
  8753 | D:10     | Identified a scroll of acquirement
  8806 | D:10     | Acquired the +1 buckler of the Orb {rF+ rC+ rCorr Str-5}
  9057 | D:10     | Found Weunwoh's Antique Armour Boutique.
  9063 | D:10     | Reached skill level 15 in Earth Magic
  9065 | D:10     | Reached XP level 12. HP: 60/60 MP: 19/28
  9586 | D:10     | Acquired 659 gold pieces
 10339 | D:11     | Found a staircase to the Lair.
 10351 | D:11     | Reached skill level 16 in Earth Magic
 10489 | D:11     | Noticed a centaur warrior
 10499 | D:11     | Killed a centaur warrior
 10655 | D:12     | Noticed Rupert
 10840 | D:11     | Learned a level 6 spell: Iron Shot
 10844 | D:12     | Noticed a boulder beetle
 10949 | D:12     | Killed a boulder beetle
 11157 | D:12     | Killed Rupert
 11568 | D:12     | Noticed a two-headed ogre
 11581 | D:12     | Killed a two-headed ogre
 11595 | D:12     | Noticed Urug
 11764 | D:12     | Killed Urug
 11765 | D:12     | Reached XP level 13. HP: 48/64 MP: 6/30
 12373 | D:13     | Reached skill level 17 in Earth Magic
 12489 | D:13     | a komodo dragon changed into an entropy weaver
 12489 | D:13     | Noticed an entropy weaver (shapeshifter)
 12491 | D:13     | Killed an entropy weaver
 13398 | D:14     | Found a stormy altar of Qazlal.
 13633 | D:14     | Noticed a vault guard
 13634 | D:14     | Noticed a vault guard
 13805 | D:14     | Reached skill level 1 in Shields
 13931 | D:14     | Noticed a vault guard
 13935 | D:14     | Killed a vault guard
 13937 | D:14     | Killed a vault guard
 14288 | D:14     | Killed a vault guard
 14289 | D:14     | Reached skill level 18 in Earth Magic
 14444 | D:14     | Found a gate to the Vaults.
 14658 | Lair:1   | Entered Level 1 of the Lair of Beasts
 15021 | Lair:1   | Reached skill level 1 in Fighting
 15768 | Lair:2   | Found a shimmering blue altar of Sif Muna.
 16017 | Lair:2   | Gained mutation: Your large and strong wings let you fly.
                  | [Gargoyle growth]
 16017 | Lair:2   | Reached XP level 14. HP: 70/70 MP: 32/32
 16985 | Lair:2   | Reached skill level 19 in Earth Magic
 17409 | Lair:2   | Reached skill level 15 in Spellcasting
 17674 | Lair:3   | Identified the +0 spear "Wuwysuco" {vorpal, rPois Dex+2}
 18607 | Lair:3   | Found a staircase to the Snake Pit.
 18769 | Lair:3   | Found a staircase to the Shoals.
 19460 | Lair:2   | Offered knowledge of Orb of Destruction by Vehumet.
 19743 | Lair:4   | Found a staircase to the Slime Pits.
 19743 | Lair:4   | Found a viscous altar of Jiyva.
 19745 | Lair:4   | Identified the +6 mace "Joazumic" {vamp, rPois rC+ rN+}
 20527 | Lair:5   | Entered Level 5 of the Lair of Beasts
 20798 | Lair:5   | Reached skill level 20 in Earth Magic
 21466 | Lair:5   | Found a transporter.
 21653 | Lair:5   | Reached XP level 15. HP: 68/75 MP: 23/34
 22598 | Lair:5   | Noticed krigyl's ghost (journeyman AtFi)
 22704 | Lair:5   | Offered knowledge of Freezing Cloud by Vehumet.
 22711 | Lair:5   | Learned a level 5 spell: Freezing Cloud
 22780 | Lair:5   | Found a transporter.
 23227 | Lair:5   | Found a runed translucent door.
 23477 | Lair:5   | Found the +3 crown of Dyrovepreva {rElec Int+2 SInv}
 23919 | Orc:1    | Entered Level 1 of the Orcish Mines
 24892 | Orc:2    | Entered Level 2 of the Orcish Mines
 25317 | Orc:2    | Reached skill level 21 in Earth Magic
 25502 | Orc:2    | Found a staircase to the Elven Halls.
 26091 | Orc:2    | Offered knowledge of Ozocubu's Refrigeration by Vehumet.
 26781 | Orc:2    | Noticed an orc warlord
 26804 | Orc:2    | Killed an orc warlord
 27200 | Orc:2    | Found Lial's General Store.
 27201 | Orc:2    | Found Iviz's Jewellery Shop.
 27203 | Orc:2    | Found Beipn's Antique Armour Boutique.
 27203 | Orc:2    | Found Gepniah's Antique Weapon Boutique.
 27215 | Orc:2    | Bought a tin of tremorstones (2/2) for 440 gold pieces
 27228 | Orc:2    | Bought a pair of glowing boots for 225 gold pieces
 27587 | D:9      | Bought a condenser vane for 1440 gold pieces
 27726 | D:15     | Entered Level 15 of the Dungeon
 28228 | D:15     | Reached XP level 16. HP: 80/80 MP: 20/37
 28599 | D:15     | Found a staircase to the Depths.
 28868 | D:15     | Found a shimmering blue altar of Sif Muna.
 29134 | Shoals:1 | Entered Level 1 of the Shoals
 29219 | Shoals:1 | Found a flickering gateway to a bazaar.
 29229 | Bazaar   | Entered a bazaar
 29355 | Bazaar   | Found Xyty's Antique Weapon Emporium.
 29368 | Bazaar   | Found Gakhohed's Antique Weapon Shoppe.
 29385 | Bazaar   | Found Guos's Antique Armour Shoppe.
 29396 | Bazaar   | Found Qupom's Antique Armour Emporium.
 29419 | Bazaar   | Bought a glowing cloak for 210 gold pieces
 29610 | Shoals:1 | Reached skill level 22 in Earth Magic
 30020 | Shoals:1 | Reached skill level 10 in Conjurations
 30795 | Shoals:2 | Offered knowledge of Conjure Ball Lightning by Vehumet.
 30808 | Shoals:2 | Learned a level 6 spell: Conjure Ball Lightning
 31173 | Shoals:2 | Identified the +2 robe of the Hot Ocelot {Str+4}
 31298 | Shoals:2 | Noticed Kirke
 31304 | Shoals:2 | Noticed a sphinx
 31304 | Shoals:2 | Killed Kirke
 31493 | Shoals:2 | Identified the ring "Dedaoxt" {rPois Str-4 Dex+5}
 31741 | Shoals:2 | Found a transporter.
 31743 | Shoals:2 | Found a transporter.
 31747 | Shoals:2 | Noticed Danakkis's ghost (adept DsBe)
 31756 | Shoals:2 | Identified the +1 robe of the Snake Pit {rPois rC+ Int-4}
 33127 | Shoals:3 | Noticed Polyphemus
 33293 | Shoals:3 | Killed Polyphemus
 33696 | Shoals:3 | Identified the +2 animal skin of Okawaru's Outrage {rC+}
 33950 | Shoals:3 | HP: 4/80 [satyr/arrow (21)]
 34288 | Shoals:3 | Reached XP level 17. HP: 75/84 MP: 18/39
 34624 | Shoals:4 | Entered Level 4 of the Shoals
 34624 | Shoals:4 | Found Lowekk's Armour Shop.
 34641 | Shoals:4 | Noticed a kraken
 34651 | Shoals:3 | Slain by a sea snake

Illustrated notes

Levels and vault maps discovered:
D:1:      psy_arrival_radial01, layout_rooms, st_stairs_1, chequers_garden
D:2:      layout_loops_ring, nicolae_elevator_lobby_plus, uniq_terence
D:3:      layout_basic, nicolae_ecumenical_snake_handling, uniq_ijyb
D:4:      layout_basic, lemuel_crystal_altar, serial_shops,
          nicolae_shop_statue_plus, uniq_eustachio, uniq_duvessa
D:5:      layout_rooms, mainiacjoe_overflow_paths, serial_shops,
          nicolae_shop_window_shopping, kennysheep_potato
D:6:      layout_gridville, hangedman_decor_points, uniq_grinder
D:7:      layout_basic, minmay_temple_entry_enclosed_plants
D:8:      layout_rooms, mainiacjoe_overflow_cross_hatched, serial_shops,
          nicolae_shop_competitors_out_of_business, uniq_psyche, uniq_erica
D:9:      layout_rooms, nicolae_yredelemnul_corpse_copse, serial_shops,
          kennysheep_mini_moat, enter_bailey_2, uniq_amaemon
D:10:     layout_roguey, serial_shops, shop, nicolae_shop_hallway_stairs,
          nicolae_trove_entry_crossroad, uniq_sonja
D:11:     layout_rooms, dpeg_oklobed_lair,
          nicolae_concentric_dashed_squares_mild
D:12:     layout_small_grid, uniq_urug, uniq_rupert
D:13:     layout_basic
D:14:     layout_roguey, lightli_vaults_fourway_checkpoint, grunt_qazlal_clouds
D:15:     hangedman_depths_entry_try_elsewhere_first, layout_rooms,
          minivault_26, led_sif_pool
Temple:   mainiacjoe_temple_coin_purse
Lair:1:   layout_chaotic_city, lemuel_fruit_fields, lemuel_fruit_fields
Lair:2:   wad_woods_structure_01, layout_cave_pods, basic_altar,
          infiniplex_staircase_pool
Lair:3:   layout_cave_pods, elwin_shoals_entry_stream, dummy_snake_entry,
          chequers_serial_rivers_room_a, nicolae_lair_liquid_snakes
Lair:4:   layout_long_grid, slime_entry_1
Lair:5:   grunt_lair_end_beastmaster, layout_concentric_octagons,
          nzn_ghost_randoct, pdpol_lair_cabin_in_the_woods
Shoals:1: layout_shoals, serial_shops, freezing_bzr
Shoals:2: layout_shoals, ebering_ghost_davey_jones, uniq_kirke
Shoals:3: argonaut_golden_fleece, layout_shoals,
          nicolae_shoals_arrival_archipelago, uniq_polyphemus
Shoals:4: shoals_end_grunt_ice, layout_shoals, serial_shops, shop, kb_tengu_band
Orc:1:    cheibrodos_orc_guarddog, layout_diamond_mine
Orc:2:    st_orc_congregation, layout_diamond_mine, mines_bat_river

Skill      XL: |  1  2  3  4  5  6  7  8  9 10 11 12 13 14 15 16 |
---------------+-------------------------------------------------+-----
Earth Magic    | 4 5 6 8 9 11 13 15 16 18 20 21 22 | 22.7
Spellcasting   | 3 4 5 7 9 10 12 13 14 15 17 18 | 18.3
Conjurations   | 2 3 5 6 7 8 9 11 | 11.2
Dodging        | 2 3 |  3.6
Stealth        | 3 |  3.9
Transmutations | 1 2 |  2.3
Shields        | 1 |  1.9
Fighting       | 1 2 |  2.1
Unarmed Combat | |  0.8
Translocations | |  0.9
Ice Magic      | |  0.1
Air Magic      | |  0.6

Action                   |  1- 3 |  4- 6 |  7- 9 | 10-12 | 13-15 | 16-18 || total
-------------------------+-------+-------+-------+-------+-------+-------++-------
Melee: Unarmed           |     1 |       |    18 |       |       |       ||    19
       Staff             |       |       |       |     2 |    39 |    45 ||    86
 Cast: Sandblast         |    60 |    55 |   129 |   229 |   252 |    14 ||   739
       Lee's Rapid Decon |       |       |     2 |    53 |   249 |    46 ||   350
       Petrify           |       |       |       |    10 |    53 |    14 ||    77
       Stone Arrow       |       |       |       |    53 |   211 |   148 ||   412
       Lightning Bolt    |       |       |       |     3 |     3 |     7 ||    13
       Iron Shot         |       |       |       |     8 |    15 |    22 ||    45
       Iskenderun's Myst |       |       |       |     2 |     5 |     5 ||    12
       Freezing Cloud    |       |       |       |       |     3 |     7 ||    10
       Conjure Ball Ligh |       |       |       |       |       |    23 ||    23
  Use: Potion            |       |       |     4 |     6 |     1 |     2 ||    13
       Scroll            |       |       |     1 |    16 |     5 |     2 ||    24
Armor: Robe              |     7 |     9 |    25 |    82 |   136 |    92 ||   351
       Skin              |       |       |     3 |       |       |       ||     3
Dodge: Dodged            |     7 |    10 |    54 |   119 |   137 |   103 ||   430
Block: Buckler           |       |       |       |     9 |    80 |    35 ||   124

Table legend: (Time is in decaauts)
 A = Elapsed time spent in this place.
 B = Non-inter-level travel time spent in this place.
 C = Inter-level travel time spent in this place.
 D = Time resting spent in this place.
 E = Time spent auto-exploring this place.
 F = Levels seen in this place.
 G = Mean time per level.
                   A        B        C        D        E       F      G
               +--------+--------+--------+--------+--------+-----+--------+
         Total |  35095 |  33334 |   1761 |   5035 |  23012 |  29 | 1210.2 |
       Dungeon |  15308 |  14250 |   1058 |   1563 |  10466 |  15 | 1020.5 |
        Temple |    111 |     98 |     13 |      0 |     84 |   1 |  111.0 |
          Lair |   9408 |   8987 |    421 |   1246 |   6461 |   5 | 1881.6 |
        Shoals |   5330 |   5147 |    183 |   1630 |   2756 |   4 | 1332.5 |
  Orcish Mines |   3531 |   3445 |     86 |    475 |   2364 |   2 | 1765.5 |
        Bazaar |    206 |    206 |      0 |      0 |    178 |   1 |  206.0 |
        Bailey |   1198 |   1198 |      0 |    121 |    703 |   1 | 1198.0 |
               +--------+--------+--------+--------+--------+-----+--------+

Top non-repeatable levels by time:
  Lair:5: 2749 daAuts
Shoals:2: 2377 daAuts
   Orc:2: 2185 daAuts
  Lair:2: 2071 daAuts
  Lair:3: 1808 daAuts
Shoals:3: 1551 daAuts
    D:10: 1458 daAuts
  Lair:4: 1407 daAuts
Shoals:1: 1375 daAuts
  Lair:1: 1371 daAuts
    D:12: 1359 daAuts
   Orc:1: 1345 daAuts
    D:13: 1320 daAuts
     D:7: 1260 daAuts
    D:11: 1202 daAuts
